Kraken vs Golden Seals

Created - 4 avril 2024 at 08:27

Goals
1 2 3 T
Kraken 2 1 3 6
Golden Seals 3 1 0 4
Shots
1 2 3 T
Kraken 11 16 16 43
Golden Seals 14 9 12 35

GoalsPenalties
1st period
1. Golden Seals , Jonathan Toews 20 (Jake McCabe 12, Colton Parayko 22) at 0:55
2. Kraken , Matias Maccelli 20 (Jan Rutta 11, Jordan Kyrou 22) at 7:51
3. Kraken , Kirill Kaprizov 31 (Jack Hughes 31) at 11:37 (PP)
4. Golden Seals , Jaden Schwartz 15 (Max Domi 35, William Karlsson 30) at 17:15
5. Golden Seals , Jason Robertson 30 (Dmitry Kulikov 13) at 18:34
Dmitry Kulikov (CLF) for Cross-checking (Minor) at 11:23
Cody Ceci (CLF) for Roughing (Minor) at 19:18
2nd period
6. Golden Seals , Ondrej Kase 7 (Jonatan Berggren 2, Dysin Mayo 12) at 7:43
7. Kraken , Luke Evangelista 15 (Jan Rutta 12, Erik Haula 20) at 17:18
Marcus Pettersson (SEA) for Holding (Minor) at 11:17
Jonathan Toews (CLF) for Holding (Minor) at 12:09
3rd period
8. Kraken , Matias Maccelli 21 (Jordan Kyrou 23, Jonathan Marchessault 20) at 11:35
9. Kraken , Luke Evangelista 16 (Jan Rutta 13, Conor Sheary 13) at 11:47
10. Kraken , Erik Haula 9 (Jordan Kyrou 24, Jack Hughes 32) at 19:42 (Empty Net)
No Penalty
Goalie Stats
Linus Ullmark (SEA), 18 saves from 18 shots - (1,000), W, 37-12-6, 32:17 minutes
Igor Shesterkin (SEA), 13 saves from 17 shots - (0,765), 27:43 minutes
Andrei Vasilevskiy (CLF), 37 saves from 42 shots - (0,881), L, 27-15-8, 59:42 minutes
3 StarsOfficial
1 - Matias Maccelli (SEA)
2 - Luke Evangelista (SEA)
3 - Jordan Kyrou (SEA)
Referees : Corey Syvret and Wes McCauley
Linesman : Tyson Baker and Neil Campbell
Game Note
Linus Ullmark enters game at 7:43 of 2nd period
Erik Haula has scored in a empty net!
Finance
Level 1 -- Attendance: 5878 (97,97%) -- Ticket Income $352,680
Level 2 -- Attendance: 5000 (100,00%) -- Ticket Income $175,000
Level 3 -- Attendance: 2000 (100,00%) -- Ticket Income $32,000
Level 4 -- Attendance: 4000 (100,00%) -- Ticket Income $40,000
Luxury Box -- Attendance: 1000 (100,00%) -- Ticket Income $100,000
Game was played at the Sideburns Coliseum.
Total Attendance: 17878 (99,32%)
Total Ticket Income: $699,680
Other Income: $342,843
Total Income: $1,042,523



Team Name Goals Shots Shots Attemp Shots Blocked PIM HIT PP PK FO%
Kraken 64379172131 / 3 (33%)039%
Golden Seals 43573186190 / 1 (0%)161%

Kraken
Player Name POS G A P +/- PIM HIT SHT SB MP PP MP PP SHT PK MP PK SHT FO% FOT GA TA
Brandon MontourD000-1014023:062:0900:0000% 011
Cole CaufieldLW/RW000-2001018:311:3800:0000% 001
Conor ShearyC/LW/RW0111012015:410:0000:4900% 000
Danton HeinenC/LW/RW000-100207:410:0000:0300% 000
Erik HaulaC/LW1122004218:001:2400:49030% 2300
Jack HughesC/LW022-1004019:591:3800:00052% 3110
Jan RuttaD0331011420:160:0300:5200% 001
Jesperi KotkaniemiC/LW000-100207:410:0000:03025% 410
Jon MerrillD0001000115:450:0000:0000% 001
Jonathan MarchessaultC/LW/RW0112003116:391:2700:00025% 401
Jordan KyrouC/RW0333013017:341:2700:00036% 1410
Kirill KaprizovLW/RW101-2035019:041:3810:0000% 011
Kris LetangD0002032123:282:0910:5200% 003
Luke EvangelistaRW2021015014:520:0000:0000% 000
Marcus PetterssonD000-2212120:000:5600:0000% 000
Matias MaccelliC/LW/RW2022003014:380:0000:0000% 011
Nick BlankenburgD0001010617:270:5600:0000% 000
Peyton KrebsC/LW000-100017:380:0000:0000% 000
Golden Seals
Player Name POS G A P +/- PIM HIT SHT SB MP PP MP PP SHT PK MP PK SHT FO% FOT GA TA
Barclay GoodrowC/LW/RW000101018:190:0000:000100% 100
Bobby BrinkRW0000001012:190:0000:0000% 100
Cody CeciD000-1211221:020:0001:0600% 001
Colton ParaykoD0110022224:390:5202:2800% 000
Dmitry KulikovD0111213315:280:0000:3700% 000
Dysin MayoD0111000114:470:0000:3400% 001
Jaden SchwartzLW/RW1010025015:050:0000:0000% 020
Jake McCabeD0110030122:220:0001:2500% 001
Jason RobertsonLW/RW101-2015022:550:5202:00017% 630
Jonatan BerggrenC/LW/RW011100008:190:0000:0000% 000
Jonathan ToewsC101-1212014:370:5100:28086% 700
Max DomiC/LW0110023115:390:0000:3100% 011
Nick SuzukiC/RW000-2034122:520:5201:57061% 4411
Ondrej KaseLW/RW101100408:190:0000:00050% 210
Robby FabbriC/LW/RW0000011112:190:0000:0000% 100
Ryan SuterD000-1000418:560:0000:0000% 000
Tyler ToffoliC/LW/RW000-2012020:190:5210:03150% 211
William KarlssonC011-1002117:290:0001:11075% 1210

Kraken

5 vs 5 Forward
Line #Left WingCenterRight WingPHYDFOFWanted %Time %Time Play
1Kirill KaprizovJack HughesCole Caufield0143231%16:53
2Jonathan MarchessaultJordan KyrouMatias Maccelli0142927%14:38
3Luke EvangelistaErik HaulaConor Sheary0142928%14:52
4Danton HeinenJesperi KotkaniemiPeyton Krebs0231014%7:38
5 vs 5 Defense
Line #DefenseDefensePHYDFOFWanted %Time %Time Play
1Kris LetangJan Rutta0233535%19:00
2Marcus PetterssonBrandon Montour0233535%19:05
3Nick BlankenburgJon Merrill1222728%15:15
4Kris LetangBrandon Montour12231%0:41
Power Play Forward
Line #Left WingCenterRight WingPHYDFOFWanted %Time %Time Play
1Kirill KaprizovJack HughesCole Caufield0055353%1:38
2Erik HaulaJonathan MarchessaultJordan Kyrou0054747%1:27
Power Play Defense
Line #DefenseDefensePHYDFOFWanted %Time %Time Play
1Kris LetangBrandon Montour0235370%2:09
2Marcus PetterssonNick Blankenburg0234730%0:56
Penalty Kill 4 Players Forward
Line #CenterWingPHYDFOFWanted %Time %Time Play
1Erik HaulaConor Sheary1226094%0:49
2Jesperi KotkaniemiDanton Heinen122406%0:03
Penalty Kill 4 Players Defense
Line #DefenseDefensePHYDFOFWanted %Time %Time Play
1Kris LetangMarcus Pettersson12260100%0:52
2Marcus PetterssonJan Rutta122400%0:00
Penalty Kill 3 Players
Line #WingPHYDFOFWanted %Time %Time PlayDefenseDefensePHYDFOFWanted %Time %Time Play
1Erik Haula122600%0:00 Marcus PetterssonJan Rutta122600%0:00
2Jesperi Kotkaniemi122400%0:00 Kris LetangNick Blankenburg122400%0:00
4 vs 4 Forward
Line #CenterWingPHYDFOFWanted %Time %Time Play
1Jack HughesKirill Kaprizov0145049%0:33
2Jordan KyrouJonathan Marchessault0145051%0:34
4 vs 4 Defense
Line #DefensePHYDFOFWanted %Time %Time Play
1Kris LetangBrandon Montour0235031%50% - 0:21
2Marcus PetterssonJan Rutta0235069%50% - 0:46
Last Minutes Offensive
Left WingCenterRight WingDefenseDefense
Kirill KaprizovJack HughesJordan KyrouKris LetangBrandon Montour
Last Minutes Defensive
Left WingCenterRight WingDefenseDefense
Erik HaulaJack HughesJordan KyrouKris LetangBrandon Montour
Time
Total ForwardTotal DefenseLast Minutes OffensiveLast Minutes Defensive
60:00 60:00 0:000:55
Extra Forwards
Normal PowerPlayPenalty Kill
Conor Sheary, Peyton Krebs, Jonathan MarchessaultConor Sheary, Jesperi KotkaniemiPeyton Krebs
Extra Defensemen
Normal PowerPlayPenalty Kill
Nick Blankenburg, Brandon Montour, Marcus PetterssonNick Blankenburg, Jan RuttaMarcus Pettersson
Penalty Shots
Kirill Kaprizov, Jack Hughes, Jordan Kyrou, Jonathan Marchessault, Erik Haula
Goalie
Igor Shesterkin, Linus Ullmark
Custom OT Lines Forwards
Kirill Kaprizov, Jack Hughes, Jordan Kyrou, Jonathan Marchessault, Matias Maccelli, Cole Caufield, Luke Evangelista, Jesperi Kotkaniemi, Erik Haula, Conor Sheary
Custom OT Lines Defensemen
Kris Letang, Brandon Montour, Marcus Pettersson, Jan Rutta, Nick Blankenburg
Scratches
Lias Andersson (Healthy)

Golden Seals

5 vs 5 Forward
Line #Left WingCenterRight WingPHYDFOFWanted %Time %Time Play
1Tyler ToffoliNick SuzukiJason Robertson0233734%18:14
2Max DomiWilliam KarlssonJaden Schwartz0233028%15:08
3Robby FabbriJonathan ToewsBobby Brink0232323%12:19
4Jonatan BerggrenBarclay GoodrowOndrej Kase0231015%8:19
5 vs 5 Defense
Line #DefenseDefensePHYDFOFWanted %Time %Time Play
1Colton ParaykoJake McCabe0413839%20:51
2Cody CeciRyan Suter0413535%18:56
3Dmitry KulikovDysin Mayo0412726%14:13
4Cody CeciJake McCabe12200%0:00
Power Play Forward
Line #Left WingCenterRight WingPHYDFOFWanted %Time %Time Play
1Tyler ToffoliNick SuzukiJason Robertson00560100%0:52
2Max DomiWilliam KarlssonJaden Schwartz005400%0:00
Power Play Defense
Line #DefenseDefensePHYDFOFWanted %Time %Time Play
1Jonathan ToewsColton Parayko01460100%0:52
2Robby FabbriJake McCabe014400%0:00
Penalty Kill 4 Players Forward
Line #CenterWingPHYDFOFWanted %Time %Time Play
1Jason RobertsonNick Suzuki1316066%2:03
2Jonathan ToewsWilliam Karlsson1314034%1:02
Penalty Kill 4 Players Defense
Line #DefenseDefensePHYDFOFWanted %Time %Time Play
1Colton ParaykoCody Ceci1406080%2:28
2Dmitry KulikovDysin Mayo1404020%0:37
Penalty Kill 3 Players
Line #WingPHYDFOFWanted %Time %Time PlayDefenseDefensePHYDFOFWanted %Time %Time Play
1Nick Suzuki050600%0:00 Colton ParaykoCody Ceci050600%0:00
2William Karlsson050400%0:00 Dmitry KulikovDysin Mayo050400%0:00
4 vs 4 Forward
Line #CenterWingPHYDFOFWanted %Time %Time Play
1Nick SuzukiJason Robertson1226079%0:53
2William KarlssonTyler Toffoli1224021%0:14
4 vs 4 Defense
Line #DefensePHYDFOFWanted %Time %Time Play
1Colton ParaykoJake McCabe1316042%60% - 0:28
2Cody CeciDmitry Kulikov1314058%40% - 0:39
Last Minutes Offensive
Left WingCenterRight WingDefenseDefense
Tyler ToffoliNick SuzukiJason RobertsonWilliam KarlssonJonathan Toews
Last Minutes Defensive
Left WingCenterRight WingDefenseDefense
Barclay GoodrowWilliam KarlssonNick SuzukiColton ParaykoCody Ceci
Time
Total ForwardTotal DefenseLast Minutes OffensiveLast Minutes Defensive
60:00 60:00 0:560:00
Extra Forwards
Normal PowerPlayPenalty Kill
Ondrej Kase, Jonatan Berggren, Barclay GoodrowJonatan Berggren, Bobby BrinkWilliam Karlsson
Extra Defensemen
Normal PowerPlayPenalty Kill
Ryan Suter, Dmitry Kulikov, Jake McCabeRyan Suter, Jake McCabeRyan Suter
Penalty Shots
Nick Suzuki, Jason Robertson, Tyler Toffoli, Jonathan Toews, William Karlsson
Goalie
Andrei Vasilevskiy, Pheonix Copley
Custom OT Lines Forwards
Nick Suzuki, Jason Robertson, Tyler Toffoli, Jonathan Toews, William Karlsson, Max Domi, Jaden Schwartz, Robby Fabbri, Jonatan Berggren, Bobby Brink
Custom OT Lines Defensemen
Colton Parayko, Jake McCabe, Ryan Suter, Cody Ceci, Dmitry Kulikov
Scratches
Kurtis MacDermid (Healthy), Nick Cousins (Healthy), Robert Hagg (Healthy)


Play-by-Play

1st period


0:01 of 1st period - Jack Hughes wins face-off versus Nick Suzuki in neutral zone.
0:26 of 1st period - Jake McCabe is hit by Kris Letang and loses puck.
0:51 of 1st period - Wrist shot by Bobby Brink.
0:51 of 1st period - Shot Blocked by Erik Haula.
0:53 of 1st period - Slapshot by Colton Parayko.
0:53 of 1st period - Shot Blocked by Erik Haula.
0:55 of 1st period - Slapshot by Jake McCabe.
0:55 of 1st period - Deflect By Jonathan Toews.
0:55 of 1st period - Goal by Jonathan Toews - Kraken : 0 - Golden Seals : 1.
0:56 of 1st period - Ondrej Kase wins face-off versus Jesperi Kotkaniemi in neutral zone.
1:23 of 1st period - Conor Sheary is hit by Nick Suzuki and loses puck.
2:05 of 1st period - Slapshot by Kirill Kaprizov.
2:05 of 1st period - Deflect By Dmitry Kulikov.
2:05 of 1st period - Stopped by Andrei Vasilevskiy without a rebound.
2:06 of 1st period - William Karlsson wins face-off versus Jack Hughes in Golden Seals zone.
2:26 of 1st period - Snap shot by Max Domi.
2:26 of 1st period - Shot Misses the Net.
2:46 of 1st period - Slapshot by Jaden Schwartz.
2:46 of 1st period - Deflect By William Karlsson.
2:46 of 1st period - Deflect By Kirill Kaprizov.
2:46 of 1st period - Stopped by Igor Shesterkin with a rebound.
2:48 of 1st period - Slapshot by Dmitry Kulikov.
2:48 of 1st period - Stopped by Igor Shesterkin with a rebound.
2:50 of 1st period - Slapshot by Dmitry Kulikov.
2:50 of 1st period - Stopped by Igor Shesterkin without a rebound.
2:51 of 1st period - Erik Haula wins face-off versus Jason Robertson in Kraken zone.
4:04 of 1st period - Off-side.
4:05 of 1st period - Nick Suzuki wins face-off versus Jordan Kyrou in neutral zone.
4:17 of 1st period - Off-side.
4:18 of 1st period - Nick Suzuki wins face-off versus Jonathan Marchessault in neutral zone.
5:29 of 1st period - Backhand shot by Ondrej Kase.
5:29 of 1st period - Stopped by Igor Shesterkin with a rebound.
5:31 of 1st period - Snap shot by Barclay Goodrow.
5:31 of 1st period - Shot Misses the Net.
5:33 of 1st period - Snap shot by Ondrej Kase.
5:33 of 1st period - Shot Blocked by Jonathan Marchessault.
5:51 of 1st period - Wrist shot by Jack Hughes.
5:51 of 1st period - Shot Blocked by Cody Ceci.
6:05 of 1st period - Conor Sheary is hit by Jonathan Toews and loses puck.
6:42 of 1st period - Jon Merrill is hit by Barclay Goodrow and loses puck.
7:45 of 1st period - Wrist shot by Jordan Kyrou.
7:45 of 1st period - Shot Blocked by William Karlsson.
7:47 of 1st period - Slapshot by Jan Rutta.
7:47 of 1st period - Shot Blocked by Dmitry Kulikov.
7:49 of 1st period - Snap shot by Jan Rutta.
7:49 of 1st period - Shot Blocked by Dysin Mayo.
7:51 of 1st period - Slapshot by Matias Maccelli.
7:51 of 1st period - Goal by Matias Maccelli - Kraken : 1 - Golden Seals : 1.
7:52 of 1st period - Tyler Toffoli wins face-off versus Jordan Kyrou in neutral zone.
7:57 of 1st period - Kris Letang is hit by Jake McCabe and loses puck.
8:18 of 1st period - Colton Parayko is hit by Kris Letang and loses puck.
8:25 of 1st period - Snap shot by Jack Hughes.
8:25 of 1st period - Shot Blocked by Ryan Suter.
8:27 of 1st period - Backhand shot by Jan Rutta.
8:27 of 1st period - Stopped by Andrei Vasilevskiy with a rebound.
8:47 of 1st period - Wrist shot by Luke Evangelista.
8:47 of 1st period - Shot Misses the Net.
9:31 of 1st period - Snap shot by Jason Robertson.
9:31 of 1st period - Stopped by Igor Shesterkin with a rebound.
9:35 of 1st period - Wrist shot by Tyler Toffoli.
9:35 of 1st period - Shot Blocked by Nick Blankenburg.
9:42 of 1st period - Icing by Jon Merrill.
9:43 of 1st period - Jack Hughes wins face-off versus William Karlsson in Kraken zone.
9:50 of 1st period - Snap shot by Kirill Kaprizov.
9:50 of 1st period - Deflect By Cole Caufield.
9:50 of 1st period - Shot Blocked by Colton Parayko.
9:50 of 1st period - Puck is out of play.
9:51 of 1st period - Nick Suzuki wins face-off versus Jack Hughes in Golden Seals zone.
11:11 of 1st period - Marcus Pettersson is hit by Cody Ceci and loses puck.
11:23 of 1st period - Minor Penalty to Dmitry Kulikov for Cross-checking.
11:24 of 1st period - Jack Hughes wins face-off versus Jason Robertson in Golden Seals zone.
11:37 of 1st period - Snap shot by Kirill Kaprizov.
11:37 of 1st period - Goal by Kirill Kaprizov - Kraken : 2 - Golden Seals : 1.
11:38 of 1st period - Jack Hughes wins face-off versus Nick Suzuki in neutral zone.
12:36 of 1st period - Slapshot by Bobby Brink.
12:36 of 1st period - Deflect By Jonathan Toews.
12:36 of 1st period - Shot Blocked by Nick Blankenburg.
12:36 of 1st period - Puck is out of play.
12:37 of 1st period - Nick Suzuki wins face-off versus Jack Hughes in Kraken zone.
12:45 of 1st period - Snap shot by Jason Robertson.
12:45 of 1st period - Shot Blocked by Jan Rutta.
12:47 of 1st period - Slapshot by Tyler Toffoli.
12:47 of 1st period - Shot Misses the Net.
12:49 of 1st period - Wrist shot by Jason Robertson.
12:49 of 1st period - Shot Misses the Net.
12:51 of 1st period - Wrist shot by Nick Suzuki.
12:51 of 1st period - Stopped by Igor Shesterkin without a rebound.
12:52 of 1st period - William Karlsson wins face-off versus Erik Haula in Kraken zone.
12:53 of 1st period - Slapshot by Max Domi.
12:53 of 1st period - Stopped by Igor Shesterkin with a rebound.
12:59 of 1st period - Snap shot by Luke Evangelista.
12:59 of 1st period - Stopped by Andrei Vasilevskiy with a rebound.
13:01 of 1st period - Slapshot by Conor Sheary.
13:01 of 1st period - Stopped by Andrei Vasilevskiy without a rebound.
13:02 of 1st period - Erik Haula wins face-off versus William Karlsson in Golden Seals zone.
13:37 of 1st period - Snap shot by Erik Haula.
13:37 of 1st period - Shot Blocked by Max Domi.
13:39 of 1st period - Slapshot by Erik Haula.
13:39 of 1st period - Stopped by Andrei Vasilevskiy with a rebound.
13:41 of 1st period - Wrist shot by Conor Sheary.
13:41 of 1st period - Stopped by Andrei Vasilevskiy without a rebound.
13:42 of 1st period - Jack Hughes wins face-off versus Nick Suzuki in Golden Seals zone.
13:45 of 1st period - Wrist shot by Jack Hughes.
13:45 of 1st period - Deflect By Kirill Kaprizov.
13:45 of 1st period - Shot Misses the Net.
13:45 of 1st period - Puck is out of play.
13:46 of 1st period - Nick Suzuki wins face-off versus Jack Hughes in Golden Seals zone.
13:53 of 1st period - Jack Hughes is hit by Nick Suzuki and loses puck.
14:56 of 1st period - Snap shot by Jack Hughes.
14:56 of 1st period - Deflect By Cole Caufield.
14:56 of 1st period - Shot Misses the Net.
14:56 of 1st period - Puck is out of play.
14:57 of 1st period - Jack Hughes wins face-off versus Ondrej Kase in Golden Seals zone.
15:30 of 1st period - Wrist shot by Jack Hughes.
15:30 of 1st period - Stopped by Andrei Vasilevskiy without a rebound.
15:31 of 1st period - Nick Suzuki wins face-off versus Jonathan Marchessault in Golden Seals zone.
16:01 of 1st period - Wrist shot by Erik Haula.
16:01 of 1st period - Shot Misses the Net.
16:29 of 1st period - Backhand shot by Jaden Schwartz.
16:29 of 1st period - Shot Misses the Net.
16:34 of 1st period - Icing by Jesperi Kotkaniemi.
16:35 of 1st period - Nick Suzuki wins face-off versus Jesperi Kotkaniemi in Kraken zone.
16:40 of 1st period - Snap shot by Nick Suzuki.
16:40 of 1st period - Stopped by Igor Shesterkin with a rebound.
16:42 of 1st period - Snap shot by Jason Robertson.
16:42 of 1st period - Shot Blocked by Jan Rutta.
16:44 of 1st period - Snap shot by Nick Suzuki.
16:44 of 1st period - Stopped by Igor Shesterkin with a rebound.
16:46 of 1st period - Snap shot by Nick Suzuki.
16:46 of 1st period - Shot Misses the Net.
17:15 of 1st period - Slapshot by Jaden Schwartz.
17:15 of 1st period - Goal by Jaden Schwartz - Kraken : 2 - Golden Seals : 2.
17:16 of 1st period - Jordan Kyrou wins face-off versus Nick Suzuki in neutral zone.
17:23 of 1st period - Slapshot by Jason Robertson.
17:23 of 1st period - Deflect By Nick Suzuki.
17:23 of 1st period - Stopped by Igor Shesterkin without a rebound.
17:24 of 1st period - Jordan Kyrou wins face-off versus Nick Suzuki in Kraken zone.
17:52 of 1st period - Icing by Dysin Mayo.
17:53 of 1st period - Nick Suzuki wins face-off versus Jack Hughes in Golden Seals zone.
17:57 of 1st period - Icing by Tyler Toffoli.
17:58 of 1st period - Nick Suzuki wins face-off versus Jack Hughes in Golden Seals zone.
18:34 of 1st period - Wrist shot by Jason Robertson.
18:34 of 1st period - Goal by Jason Robertson - Kraken : 2 - Golden Seals : 3.
18:35 of 1st period - Jordan Kyrou wins face-off versus Jonathan Toews in neutral zone.
18:38 of 1st period - Snap shot by Jordan Kyrou.
18:38 of 1st period - Stopped by Andrei Vasilevskiy with a rebound.
18:40 of 1st period - Wrist shot by Matias Maccelli.
18:40 of 1st period - Shot Misses the Net.
18:48 of 1st period - Wrist shot by Jordan Kyrou.
18:48 of 1st period - Shot Blocked by Jake McCabe.
18:50 of 1st period - Snap shot by Jonathan Marchessault.
18:50 of 1st period - Shot Misses the Net.
19:00 of 1st period - Conor Sheary is hit by Colton Parayko.
19:08 of 1st period - Snap shot by Max Domi.
19:08 of 1st period - Stopped by Igor Shesterkin without a rebound.
19:09 of 1st period - Jack Hughes wins face-off versus Nick Suzuki in Kraken zone.
19:09 of 1st period - Jack Hughes is hit by Nick Suzuki.
19:18 of 1st period - Minor Penalty to Cody Ceci for Roughing.
19:19 of 1st period - Jack Hughes wins face-off versus Jason Robertson in Golden Seals zone.
19:34 of 1st period - Slapshot by Kirill Kaprizov.
19:34 of 1st period - Shot Blocked by Colton Parayko.
19:36 of 1st period - Slapshot by Kris Letang.
19:36 of 1st period - Deflect By Jason Robertson.
19:36 of 1st period - Stopped by Andrei Vasilevskiy with a rebound.
Goals for this period are 2 for Kraken vs 3 for Golden Seals.
Shots for this period are 11 for Kraken vs 14 for Golden Seals.

2nd period


0:01 of 2nd period - Jack Hughes wins face-off versus Jason Robertson in neutral zone.
1:18 of 2nd period - Penalty to Cody Ceci is over, Cody Ceci is back on ice.
1:29 of 2nd period - Jesperi Kotkaniemi is hit by Robby Fabbri.
1:59 of 2nd period - Snap shot by Ondrej Kase.
1:59 of 2nd period - Deflect By Conor Sheary.
1:59 of 2nd period - Stopped by Igor Shesterkin without a rebound.
2:00 of 2nd period - William Karlsson wins face-off versus Jack Hughes in Kraken zone.
2:30 of 2nd period - Snap shot by Jonathan Marchessault.
2:30 of 2nd period - Stopped by Andrei Vasilevskiy without a rebound.
2:31 of 2nd period - Nick Suzuki wins face-off versus Jordan Kyrou in Golden Seals zone.
2:40 of 2nd period - Wrist shot by Jordan Kyrou.
2:40 of 2nd period - Shot Blocked by Nick Suzuki.
2:42 of 2nd period - Snap shot by Jordan Kyrou.
2:42 of 2nd period - Stopped by Andrei Vasilevskiy without a rebound.
2:43 of 2nd period - Nick Suzuki wins face-off versus Erik Haula in Golden Seals zone.
3:10 of 2nd period - Max Domi is hit by Kirill Kaprizov and loses puck.
3:17 of 2nd period - Snap shot by Cole Caufield.
3:17 of 2nd period - Stopped by Andrei Vasilevskiy without a rebound.
3:18 of 2nd period - Jonathan Marchessault wins face-off versus Bobby Brink in Golden Seals zone.
3:23 of 2nd period - Wrist shot by Jordan Kyrou.
3:23 of 2nd period - Stopped by Andrei Vasilevskiy with a rebound.
4:29 of 2nd period - Snap shot by Barclay Goodrow.
4:29 of 2nd period - Shot Blocked by Peyton Krebs.
4:31 of 2nd period - Slapshot by Cody Ceci.
4:31 of 2nd period - Shot Blocked by Marcus Pettersson.
5:09 of 2nd period - Slapshot by Luke Evangelista.
5:09 of 2nd period - Stopped by Andrei Vasilevskiy with a rebound.
5:11 of 2nd period - Snap shot by Erik Haula.
5:11 of 2nd period - Stopped by Andrei Vasilevskiy without a rebound.
5:12 of 2nd period - Nick Suzuki wins face-off versus Jack Hughes in Golden Seals zone.
6:03 of 2nd period - Colton Parayko is hit by Luke Evangelista and loses puck.
6:10 of 2nd period - Slapshot by Conor Sheary.
6:10 of 2nd period - Shot Misses the Net.
6:12 of 2nd period - Slapshot by Brandon Montour.
6:12 of 2nd period - Stopped by Andrei Vasilevskiy with a rebound.
6:26 of 2nd period - Slapshot by Danton Heinen.
6:26 of 2nd period - Shot Misses the Net.
6:28 of 2nd period - Snap shot by Kris Letang.
6:28 of 2nd period - Shot Blocked by Barclay Goodrow.
6:30 of 2nd period - Wrist shot by Peyton Krebs.
6:30 of 2nd period - Shot Misses the Net.
6:42 of 2nd period - Colton Parayko is hit by Kirill Kaprizov and loses puck.
7:35 of 2nd period - Snap shot by Barclay Goodrow.
7:35 of 2nd period - Shot Misses the Net.
7:37 of 2nd period - Slapshot by Ondrej Kase.
7:37 of 2nd period - Shot Blocked by Jan Rutta.
7:39 of 2nd period - Slapshot by Dysin Mayo.
7:39 of 2nd period - Shot Misses the Net.
7:41 of 2nd period - Slapshot by Jonatan Berggren.
7:41 of 2nd period - Deflect By Ondrej Kase.
7:41 of 2nd period - Stopped by Igor Shesterkin with a rebound.
7:43 of 2nd period - Snap shot by Ondrej Kase.
7:43 of 2nd period - Goal by Ondrej Kase - Kraken : 2 - Golden Seals : 4.
7:43 of 2nd period - Linus Ullmark enters game.
7:44 of 2nd period - Jordan Kyrou wins face-off versus Nick Suzuki in neutral zone.
7:46 of 2nd period - Off-side.
7:47 of 2nd period - Nick Suzuki wins face-off versus Jordan Kyrou in neutral zone.
7:52 of 2nd period - Snap shot by Colton Parayko.
7:52 of 2nd period - Stopped by Linus Ullmark with a rebound.
7:54 of 2nd period - Wrist shot by Colton Parayko.
7:54 of 2nd period - Deflect By Jason Robertson.
7:54 of 2nd period - Shot Misses the Net.
7:54 of 2nd period - Puck is out of play.
7:55 of 2nd period - Erik Haula wins face-off versus Nick Suzuki in Kraken zone.
7:55 of 2nd period - Erik Haula is hit by Tyler Toffoli.
8:10 of 2nd period - Slapshot by Colton Parayko.
8:10 of 2nd period - Stopped by Linus Ullmark without a rebound.
8:11 of 2nd period - William Karlsson wins face-off versus Jordan Kyrou in Kraken zone.
8:41 of 2nd period - Wrist shot by Jason Robertson.
8:41 of 2nd period - Shot Misses the Net.
8:43 of 2nd period - Snap shot by Nick Suzuki.
8:43 of 2nd period - Shot Blocked by Nick Blankenburg.
9:59 of 2nd period - Dysin Mayo is hit by Marcus Pettersson and loses puck.
10:33 of 2nd period - Snap shot by Bobby Brink.
10:33 of 2nd period - Shot Blocked by Nick Blankenburg.
10:47 of 2nd period - Slapshot by Jesperi Kotkaniemi.
10:47 of 2nd period - Shot Hit the Post.
10:49 of 2nd period - Snap shot by Danton Heinen.
10:49 of 2nd period - Deflect By Jonatan Berggren.
10:49 of 2nd period - Stopped by Andrei Vasilevskiy without a rebound.
10:50 of 2nd period - Nick Suzuki wins face-off versus Jesperi Kotkaniemi in Golden Seals zone.
10:59 of 2nd period - Slapshot by Jesperi Kotkaniemi.
10:59 of 2nd period - Stopped by Andrei Vasilevskiy with a rebound.
11:01 of 2nd period - Slapshot by Marcus Pettersson.
11:01 of 2nd period - Stopped by Andrei Vasilevskiy without a rebound.
11:02 of 2nd period - William Karlsson wins face-off versus Jordan Kyrou in Golden Seals zone.
11:14 of 2nd period - Snap shot by Jaden Schwartz.
11:14 of 2nd period - Stopped by Linus Ullmark without a rebound.
11:15 of 2nd period - Erik Haula wins face-off versus Nick Suzuki in Kraken zone.
11:17 of 2nd period - Minor Penalty to Marcus Pettersson for Holding.
11:18 of 2nd period - Nick Suzuki wins face-off versus Erik Haula in Kraken zone.
11:30 of 2nd period - Snap shot by Nick Suzuki.
11:30 of 2nd period - Shot Blocked by Jan Rutta.
11:32 of 2nd period - Slapshot by Tyler Toffoli.
11:32 of 2nd period - Stopped by Linus Ullmark without a rebound.
11:33 of 2nd period - Nick Suzuki wins face-off versus Erik Haula in Kraken zone.
11:34 of 2nd period - Snap shot by Tyler Toffoli.
11:34 of 2nd period - Shot Blocked by Kris Letang.
11:54 of 2nd period - Jan Rutta is hit by Jason Robertson and loses puck.
12:09 of 2nd period - Minor Penalty to Jonathan Toews for Holding.
12:10 of 2nd period - Nick Suzuki wins face-off versus Jack Hughes in Golden Seals zone.
12:37 of 2nd period - Slapshot by Jonathan Marchessault.
12:37 of 2nd period - Stopped by Andrei Vasilevskiy without a rebound.
12:38 of 2nd period - Jack Hughes wins face-off versus Nick Suzuki in Golden Seals zone.
13:09 of 2nd period - Slapshot by Jonathan Marchessault.
13:09 of 2nd period - Shot Blocked by Dmitry Kulikov.
13:17 of 2nd period - Penalty to Marcus Pettersson is over, Marcus Pettersson is back on ice.
13:19 of 2nd period - Slapshot by Tyler Toffoli.
13:19 of 2nd period - Stopped by Linus Ullmark without a rebound.
13:20 of 2nd period - Jack Hughes wins face-off versus Jason Robertson in Kraken zone.
13:35 of 2nd period - Slapshot by Jonathan Marchessault.
13:35 of 2nd period - Shot Misses the Net.
14:03 of 2nd period - Snap shot by Kirill Kaprizov.
14:03 of 2nd period - Shot Misses the Net.
14:09 of 2nd period - Penalty to Jonathan Toews is over, Jonathan Toews is back on ice.
14:44 of 2nd period - Icing by Dysin Mayo.
14:45 of 2nd period - Barclay Goodrow wins face-off versus Jordan Kyrou in Golden Seals zone.
14:54 of 2nd period - Wrist shot by Ondrej Kase.
14:54 of 2nd period - Shot Misses the Net.
14:58 of 2nd period - Snap shot by Ondrej Kase.
14:58 of 2nd period - Shot Misses the Net.
15:00 of 2nd period - Slapshot by Ondrej Kase.
15:00 of 2nd period - Shot Misses the Net.
15:28 of 2nd period - Luke Evangelista is hit by Jake McCabe and loses puck.
15:51 of 2nd period - Nick Blankenburg is hit by Jaden Schwartz and loses puck.
16:34 of 2nd period - Jordan Kyrou is hit by Dmitry Kulikov and loses puck.
16:49 of 2nd period - Snap shot by Luke Evangelista.
16:49 of 2nd period - Stopped by Andrei Vasilevskiy without a rebound.
16:50 of 2nd period - William Karlsson wins face-off versus Erik Haula in Golden Seals zone.
17:09 of 2nd period - Conor Sheary is hit by Colton Parayko and loses puck.
17:16 of 2nd period - Slapshot by Erik Haula.
17:16 of 2nd period - Shot Misses the Net.
17:18 of 2nd period - Snap shot by Jan Rutta.
17:18 of 2nd period - Deflect By Luke Evangelista.
17:18 of 2nd period - Goal by Luke Evangelista - Kraken : 3 - Golden Seals : 4.
17:19 of 2nd period - Jack Hughes wins face-off versus Nick Suzuki in neutral zone.
17:59 of 2nd period - Off-side.
18:00 of 2nd period - Jonathan Toews wins face-off versus Erik Haula in neutral zone.
18:02 of 2nd period - Off-side.
18:03 of 2nd period - Jonathan Toews wins face-off versus Erik Haula in neutral zone.
18:54 of 2nd period - Slapshot by Marcus Pettersson.
18:54 of 2nd period - Shot Blocked by Cody Ceci.
19:12 of 2nd period - Wrist shot by Jonathan Toews.
19:12 of 2nd period - Deflect By Jonathan Marchessault.
19:12 of 2nd period - Stopped by Linus Ullmark with a rebound.
19:22 of 2nd period - Snap shot by Jonathan Marchessault.
19:22 of 2nd period - Shot Blocked by Robby Fabbri.
19:26 of 2nd period - Snap shot by Matias Maccelli.
19:26 of 2nd period - Stopped by Andrei Vasilevskiy without a rebound.
19:27 of 2nd period - Jack Hughes wins face-off versus Nick Suzuki in Golden Seals zone.
19:34 of 2nd period - Slapshot by Kirill Kaprizov.
19:34 of 2nd period - Stopped by Andrei Vasilevskiy without a rebound.
19:35 of 2nd period - Nick Suzuki wins face-off versus Jack Hughes in Golden Seals zone.
19:40 of 2nd period - Cody Ceci is hit by Jan Rutta.
19:54 of 2nd period - Wrist shot by Jack Hughes.
19:54 of 2nd period - Stopped by Andrei Vasilevskiy without a rebound.
19:55 of 2nd period - William Karlsson wins face-off versus Erik Haula in Golden Seals zone.
Goals for this period are 1 for Kraken vs 1 for Golden Seals.
Shots for this period are 16 for Kraken vs 9 for Golden Seals.

3rd period


0:01 of 3rd period - Erik Haula wins face-off versus Nick Suzuki in neutral zone.
0:10 of 3rd period - Wrist shot by Luke Evangelista.
0:10 of 3rd period - Shot Misses the Net.
1:12 of 3rd period - Snap shot by Nick Suzuki.
1:12 of 3rd period - Shot Misses the Net.
1:52 of 3rd period - Snap shot by Max Domi.
1:52 of 3rd period - Deflect By Jaden Schwartz.
1:52 of 3rd period - Shot Hit the Post.
1:52 of 3rd period - Puck is out of play.
1:53 of 3rd period - William Karlsson wins face-off versus Jack Hughes in Kraken zone.
2:27 of 3rd period - Wrist shot by Jaden Schwartz.
2:27 of 3rd period - Stopped by Linus Ullmark without a rebound.
2:28 of 3rd period - Nick Suzuki wins face-off versus Erik Haula in Kraken zone.
2:57 of 3rd period - Snap shot by Kirill Kaprizov.
2:57 of 3rd period - Shot Blocked by Dmitry Kulikov.
2:59 of 3rd period - Slapshot by Brandon Montour.
2:59 of 3rd period - Deflect By Bobby Brink.
2:59 of 3rd period - Stopped by Andrei Vasilevskiy with a rebound.
3:01 of 3rd period - Slapshot by Marcus Pettersson.
3:01 of 3rd period - Deflect By Bobby Brink.
3:01 of 3rd period - Stopped by Andrei Vasilevskiy with a rebound.
3:06 of 3rd period - Icing by Dysin Mayo.
3:07 of 3rd period - Jonathan Toews wins face-off versus Jordan Kyrou in Golden Seals zone.
3:16 of 3rd period - Slapshot by Jonathan Toews.
3:16 of 3rd period - Shot Blocked by Nick Blankenburg.
3:18 of 3rd period - Wrist shot by Dmitry Kulikov.
3:18 of 3rd period - Deflect By Bobby Brink.
3:18 of 3rd period - Stopped by Linus Ullmark with a rebound.
3:24 of 3rd period - Wrist shot by Robby Fabbri.
3:24 of 3rd period - Shot Misses the Net.
3:26 of 3rd period - Slapshot by Bobby Brink.
3:26 of 3rd period - Shot Blocked by Jon Merrill.
3:30 of 3rd period - Slapshot by Bobby Brink.
3:30 of 3rd period - Shot Misses the Net.
3:55 of 3rd period - Wrist shot by Jonathan Toews.
3:55 of 3rd period - Shot Misses the Net.
3:57 of 3rd period - Slapshot by Robby Fabbri.
3:57 of 3rd period - Stopped by Linus Ullmark with a rebound.
3:59 of 3rd period - Snap shot by Dmitry Kulikov.
3:59 of 3rd period - Stopped by Linus Ullmark without a rebound.
4:00 of 3rd period - Nick Suzuki wins face-off versus Jack Hughes in Kraken zone.
4:01 of 3rd period - Wrist shot by Jason Robertson.
4:01 of 3rd period - Shot Misses the Net.
4:07 of 3rd period - Wrist shot by Kirill Kaprizov.
4:07 of 3rd period - Shot Blocked by Ryan Suter.
4:09 of 3rd period - Wrist shot by Kirill Kaprizov.
4:09 of 3rd period - Deflect By Jack Hughes.
4:09 of 3rd period - Stopped by Andrei Vasilevskiy without a rebound.
4:10 of 3rd period - Jack Hughes wins face-off versus Nick Suzuki in Golden Seals zone.
4:11 of 3rd period - Snap shot by Kirill Kaprizov.
4:11 of 3rd period - Stopped by Andrei Vasilevskiy without a rebound.
4:12 of 3rd period - Nick Suzuki wins face-off versus Erik Haula in Golden Seals zone.
4:12 of 3rd period - Nick Suzuki is hit by Kris Letang.
4:22 of 3rd period - Wrist shot by Kris Letang.
4:22 of 3rd period - Stopped by Andrei Vasilevskiy without a rebound.
4:23 of 3rd period - Jack Hughes wins face-off versus Nick Suzuki in Golden Seals zone.
4:34 of 3rd period - Wrist shot by Kirill Kaprizov.
4:34 of 3rd period - Stopped by Andrei Vasilevskiy without a rebound.
4:35 of 3rd period - Nick Suzuki wins face-off versus Erik Haula in Golden Seals zone.
5:01 of 3rd period - Cole Caufield is hit by Max Domi and loses puck.
5:44 of 3rd period - Slapshot by Max Domi.
5:44 of 3rd period - Stopped by Linus Ullmark without a rebound.
5:45 of 3rd period - Nick Suzuki wins face-off versus Erik Haula in Kraken zone.
6:11 of 3rd period - Cody Ceci is hit by Kirill Kaprizov and loses puck.
6:53 of 3rd period - Off-side.
6:54 of 3rd period - Jesperi Kotkaniemi wins face-off versus Tyler Toffoli in neutral zone.
7:11 of 3rd period - Wrist shot by Jason Robertson.
7:11 of 3rd period - Stopped by Linus Ullmark with a rebound.
7:21 of 3rd period - Wrist shot by Danton Heinen.
7:21 of 3rd period - Stopped by Andrei Vasilevskiy with a rebound.
7:23 of 3rd period - Snap shot by Cole Caufield.
7:23 of 3rd period - Shot Misses the Net.
7:25 of 3rd period - Snap shot by Jack Hughes.
7:25 of 3rd period - Stopped by Andrei Vasilevskiy with a rebound.
7:27 of 3rd period - Slapshot by Brandon Montour.
7:27 of 3rd period - Stopped by Andrei Vasilevskiy with a rebound.
8:20 of 3rd period - Wrist shot by Brandon Montour.
8:20 of 3rd period - Shot Blocked by Ryan Suter.
8:39 of 3rd period - Icing by Jason Robertson.
8:40 of 3rd period - Nick Suzuki wins face-off versus Erik Haula in Golden Seals zone.
9:21 of 3rd period - Wrist shot by Jaden Schwartz.
9:21 of 3rd period - Stopped by Linus Ullmark without a rebound.
9:22 of 3rd period - William Karlsson wins face-off versus Jack Hughes in Kraken zone.
9:49 of 3rd period - Jordan Kyrou is hit by Jake McCabe and loses puck.
10:55 of 3rd period - Wrist shot by Erik Haula.
10:55 of 3rd period - Stopped by Andrei Vasilevskiy with a rebound.
11:11 of 3rd period - Wrist shot by Jason Robertson.
11:11 of 3rd period - Deflect By Jordan Kyrou.
11:11 of 3rd period - Stopped by Linus Ullmark without a rebound.
11:12 of 3rd period - Nick Suzuki wins face-off versus Jonathan Marchessault in Kraken zone.
11:17 of 3rd period - Wrist shot by Jason Robertson.
11:17 of 3rd period - Stopped by Linus Ullmark with a rebound.
11:19 of 3rd period - Slapshot by Cody Ceci.
11:19 of 3rd period - Stopped by Linus Ullmark without a rebound.
11:20 of 3rd period - Jordan Kyrou wins face-off versus Nick Suzuki in Kraken zone.
11:31 of 3rd period - Wrist shot by Jordan Kyrou.
11:31 of 3rd period - Shot Misses the Net.
11:33 of 3rd period - Snap shot by Jordan Kyrou.
11:33 of 3rd period - Shot Blocked by Ryan Suter.
11:35 of 3rd period - Wrist shot by Matias Maccelli.
11:35 of 3rd period - Goal by Matias Maccelli - Kraken : 4 - Golden Seals : 4.
11:36 of 3rd period - Erik Haula wins face-off versus Nick Suzuki in neutral zone.
11:47 of 3rd period - Snap shot by Luke Evangelista.
11:47 of 3rd period - Goal by Luke Evangelista - Kraken : 5 - Golden Seals : 4.
11:48 of 3rd period - Jason Robertson wins face-off versus Jack Hughes in neutral zone.
12:27 of 3rd period - Snap shot by Jonathan Marchessault.
12:27 of 3rd period - Stopped by Andrei Vasilevskiy without a rebound.
12:28 of 3rd period - Erik Haula wins face-off versus Robby Fabbri in Golden Seals zone.
12:29 of 3rd period - Slapshot by Brandon Montour.
12:29 of 3rd period - Stopped by Andrei Vasilevskiy without a rebound.
12:30 of 3rd period - Jonathan Toews wins face-off versus Erik Haula in Golden Seals zone.
12:30 of 3rd period - Jonathan Toews is hit by Brandon Montour.
13:02 of 3rd period - Wrist shot by Max Domi.
13:02 of 3rd period - Shot Misses the Net.
13:21 of 3rd period - Off-side.
13:22 of 3rd period - Nick Suzuki wins face-off versus Jordan Kyrou in neutral zone.
13:25 of 3rd period - Wrist shot by Jason Robertson.
13:25 of 3rd period - Shot Blocked by Nick Blankenburg.
15:45 of 3rd period - Slapshot by Jaden Schwartz.
15:45 of 3rd period - Stopped by Linus Ullmark without a rebound.
15:46 of 3rd period - Jack Hughes wins face-off versus William Karlsson in Kraken zone.
16:03 of 3rd period - Wrist shot by Max Domi.
16:03 of 3rd period - Shot Misses the Net.
16:05 of 3rd period - Wrist shot by William Karlsson.
16:05 of 3rd period - Stopped by Linus Ullmark without a rebound.
16:06 of 3rd period - Jonathan Toews wins face-off versus Erik Haula in Kraken zone.
16:53 of 3rd period - Jonathan Marchessault is hit by Jaden Schwartz and loses puck.
17:12 of 3rd period - Snap shot by Jesperi Kotkaniemi.
17:12 of 3rd period - Stopped by Andrei Vasilevskiy with a rebound.
17:32 of 3rd period - Jonathan Toews is hit by Conor Sheary and loses puck.
18:27 of 3rd period - Tyler Toffoli is hit by Nick Blankenburg and loses puck.
18:42 of 3rd period - Nick Blankenburg is hit by Max Domi and loses puck.
19:17 of 3rd period - Wrist shot by Jordan Kyrou.
19:17 of 3rd period - Deflect By Erik Haula.
19:17 of 3rd period - Shot Misses the Net.
19:17 of 3rd period - Puck is out of play.
19:18 of 3rd period - Andrew Brunette call a timeout for Golden Seals.
19:18 of 3rd period - Nick Suzuki wins face-off versus Jack Hughes in Golden Seals zone.
19:18 of 3rd period - Nick Suzuki is hit by Jordan Kyrou.
19:24 of 3rd period - Golden Seals, Andrei Vasilevskiy is pulled from the net.
19:40 of 3rd period - Wrist shot by Jordan Kyrou.
19:40 of 3rd period - Shot Misses the Net.
19:42 of 3rd period - Wrist shot by Erik Haula.
19:42 of 3rd period - Goal by Erik Haula - Kraken : 6 - Golden Seals : 4.
19:42 of 3rd period - Andrei Vasilevskiy from Golden Seals was sent back in the game.
19:43 of 3rd period - Jonathan Toews wins face-off versus Erik Haula in neutral zone.
Goals for this period are 3 for Kraken vs 0 for Golden Seals.
Shots for this period are 16 for Kraken vs 12 for Golden Seals.




Output by the SimonT Hockey Simulator (STHS) for Eric Tremblay - Original Page W3C HTML5 Valid
Hockey Simulator - Hockey Simulation - Hockey Manager